 Dungeon Crawl Stone Soup version 0.30.0-20-g3615ddf2f0 (webtiles) character file.

Game seed: 16090562655608087827

182117 qw the Peltast (level 18, -1/119 HPs)
             Began as a Gargoyle Fighter on June 1, 2023.
             Was an Elder of Okawaru.
             Slain by a 17-headed hydra (11 damage)
             ... on level 4 of the Swamp.
             The game lasted 00:19:59 (34260 turns).

qw the Peltast (Gargoyle Fighter)                  Turns: 34260, Time: 00:19:59

Health: -1/119     AC: 50    Str: 33    XL:     18   Next: 32%
Magic:  25/25      EV: 23    Int: 11    God:    Okawaru [****..]
Gold:   68         SH: 23    Dex: 14    Spells: 17/17 levels left

rFire   + . .        E - +2 war axe (vamp)
rCold   . . .        w - +0 tower shield of Voph {-Cast Str+7 Slay+3}
rNeg    + . .        x - +5 plate armour
rPois   inf          a - +1 hat "Heokeysi" {rF+ Dex+5}
rElec   +            z - +2 cloak
rCorr   .            t - +2 pair of gloves
SInv    .            o - +3 pair of seven-league boots {Rampage+∞}
Will    +....        v - amulet of faith Stlth
                     G - +5 ring of evasion
HPRegen 0.39/turn    J - +5 ring of evasion
MPRegen 0.19/turn

%: no spellcasting, rampage+inf, faith
@: about to teleport, heroic, flying
A: sickness immunity, AC +13, big wings, negative energy resistance 1,
electricity resistance, torment resistance 1, petrification resistance
a: Renounce Religion, Heroism, Finesse


You were on level 4 of the Swamp.
You worshipped Okawaru.
Okawaru was greatly pleased with you.
You visited 6 branches of the dungeon, and saw 30 of its levels.
You visited 1 bazaar.
You also visited: Ossuary.

You collected 4583 gold pieces.
You spent 4515 gold pieces at shops.


Innate Abilities, Weirdness & Mutations

You are immune to sickness and miasma.
Your stone body is resilient. (AC +13)
You are immune to poison.
Your large and strong wings let you fly.
You resist negative energy. (rN+)
You are resistant to electric shocks. (rElec)
You are resistant to unholy torment.
You are immune to petrification.


   Skills:
 - Level 15.0(20.0) Fighting
 - Level 16.0(21.0) Axes
 - Level 8.0(13.0) Throwing
 - Level 14.0(19.0) Armour
 + Level 5.1(10.1) Dodging
 - Level 18.4(23.4) Shields
 - Level 10.0 Invocations


You had 17 spell levels left.
You didn't know any spells.
Your spell library was empty.

Inventory:

Hand Weapons
 y - a +2 spectral war axe
 E - a +2 vampiric war axe (weapon)
Missiles
 D - 11 boomerangs
 I - 2 javelins (quivered)
Armour
 a - the +1 hat "Heokeysi" (worn) {rF+ Dex+5}
   (You acquired it on level 4 of the Dungeon)

   Dex:       It affects your dexterity (+5).
   rF:        It protects you from fire.
 o - the +3 pair of seven-league boots (worn) {Rampage+∞}
   (You acquired it on level 2 of the Swamp)

   Rampage+∞: When moving toward enemies, its wearer moves as far as possible,
   alerting their target en route.
 p - a +2 helmet
 q - +0 fire dragon scales
 t - a +2 pair of gloves (worn)
 w - the +0 tower shield of Voph (worn) {-Cast Str+7 Slay+3}
   (You acquired it on level 1 of the Swamp)

   Str:       It affects your strength (+7).
   Slay:      It affects your accuracy & damage with ranged weapons and melee
   (+3).
   -Cast:     It prevents spellcasting.
 x - a +5 plate armour (worn)
 z - a +2 cloak (worn)
 C - +0 ice dragon scales
Jewellery
 c - a ring of fire
 r - a ring of protection from cold
 v - an amulet of faith (around neck)
 A - a ring of resist corrosion
 B - a ring of ice
 F - an amulet of the acrobat
 G - a +5 ring of evasion (left hand)
 H - a ring of resist corrosion
 J - a +5 ring of evasion (right hand)
 K - a ring of protection from cold
Wands
 u - a wand of digging (11)
Scrolls
 i - a scroll of brand weapon
 j - 19 scrolls of identify
 m - 9 scrolls of teleportation
Potions
 b - 5 potions of heal wounds
 d - 2 potions of might
 e - 4 potions of resistance
 f - 3 potions of cancellation
 g - 2 potions of magic
 h - 23 potions of curing
 k - 5 potions of haste
 l - 4 potions of mutation
 n - 6 potions of lignification
 s - 7 potions of attraction

Dungeon Overview and Level Annotations

Branches:
Dungeon (15/15)            Temple (1/1) D:5            Lair (5/5) D:8
  Swamp (4/4) Lair:2        Snake (3/4) Lair:2        Slime (0/5) Lair:4
    Orc (2/2) D:12            Elf (0/3) Orc:2        Vaults (0/5) D:13
 Depths (0/4) D:15        Ossuary (visited)

Altars:
Ashenzari
Cheibriados
Dithmenos
Fedhas
Gozag
Hepliaklqana
Kikubaaqudgha
Makhleb
Nemelex Xobeh
Okawaru
Qazlal
Ru
Sif Muna
Trog
Uskayaw
Vehumet
Wu Jian
Yredelemnul
Zin
The Shining One

Shops:
D:3 [?**   D:7 =   D:13 [[(   D:14 !(   Orc:2 =?(=   Snake:1 (*!   Snake:2 [

Annotations:
D:3 2 runed translucent doors
D:7 1 runed translucent door
D:10 3 transporters
D:11 3 runed translucent doors, Zouniz Rihu's ghost, novice DDFi
D:15 2 transporters, qw's ghost, journeyman GrFi
Lair:5 1 runed translucent door, qw's ghost, journeyman GrFi
Swamp:1 2 transporters, Zoigrime's ghost, adept FoFi
Swamp:3 1 runed translucent door, qw's ghost, adept GrFi
Swamp:4 Lernaean hydra
Snake:2 6 transporters, 1 runed translucent door, qw's ghost, adept GrFi
Snake:3 1 runed translucent door


Message History

The 17-headed hydra bites you but does no damage. x2
34260 ||| READING 10 scrolls of teleportation.
As you read the scroll of teleportation, it crumbles to dust.
You feel strangely unstable.
You block the 13-headed hydra's attack. x2
The 13-headed hydra bites you but does no damage.
The 13-headed hydra misses you. You block the 13-headed hydra's attack.
The 13-headed hydra barely misses you.
The 13-headed hydra bites you but does no damage.
The 13-headed hydra completely misses you.
The 13-headed hydra misses you.
The 13-headed hydra barely misses you. x2
The 13-headed hydra completely misses you.
The 13-headed hydra closely misses you.
A swamp drake comes into view.
The 27-headed Lernaean hydra barely misses you.
The 27-headed Lernaean hydra bites you but does no damage.
You block the 27-headed Lernaean hydra's attack.
The 27-headed Lernaean hydra bites you but does no damage.
The 27-headed Lernaean hydra barely misses you.
The 27-headed Lernaean hydra bites you but does no damage.
You block the 27-headed Lernaean hydra's attack.
The 27-headed Lernaean hydra completely misses you.
You block the 27-headed Lernaean hydra's attack.
The 27-headed Lernaean hydra bites you but does no damage. x4
The 27-headed Lernaean hydra bites you.
The 27-headed Lernaean hydra bites you but does no damage. x3
The 27-headed Lernaean hydra bites you!
The 27-headed Lernaean hydra bites you but does no damage. x2
The 27-headed Lernaean hydra barely misses you.
The 27-headed Lernaean hydra bites you but does no damage. x3
The 27-headed Lernaean hydra misses you.
The 27-headed Lernaean hydra closely misses you.
The 27-headed Lernaean hydra bites you but does no damage.
The 17-headed hydra misses you. x2
The 17-headed hydra completely misses you.
The 17-headed hydra barely misses you.
The 17-headed hydra completely misses you.
The 17-headed hydra bites you but does no damage. x4
The 17-headed hydra bites you!
You die...

777~77 .~~
~.~#
77..~.777 ~
~~##..~
777#..~..77~
#~ ~~~~.#
7~..¤..~77.~
k~~ #~000~#
7~.~~~....~~
..~. 0kD~~#
77~~~~~~..¤~
~##~D#DD#~#
777~~~~..~~
....DDDD#~##
777~~~..¤~
~~~#kD#@D~~#
77....~~~~~
..~~~~#.~~~#
7~.~<~~~...
#~~~#.~~##
7...~.~..77
#.~.$##
7..~~~...%.
##~.~~#
77~~~~.~~.~
#..~##~7
77..~~~~.~
##~###.
77~..~¤~~ 7
##~.#~7
77~.~~~. 7.
#...#.7
77~~~~.


You could see the 27-headed Lernaean hydra, a 17-headed hydra, a 13-headed
hydra, a five-headed hydra (poisoned), a four-headed hydra, 4 swamp dragons and
2 swamp drakes.

Vanquished Creatures
  2 tentacled monstrosities
  Agnes (Snake:1)
  Kirke (Lair:3)
  A fenstrider witch (Swamp:3)
  Roxanne (Snake:1)
  Louise (D:14)
  Aizul (Swamp:1)
  A very ugly thing (Swamp:1)
  An eleionoma (Swamp:1)
  9 bunyips
  A fire dragon (D:15)
  11 hydras
  4 vault guards (D:13)
  Harold (D:14)
  An ice dragon (D:15)
  A salamander tyrant (Snake:3)
  3 ogre magi
  Erica (D:9)
  4 anacondas
  3 ghost crabs
  A catoblepas (D:15)
  A death knight (D:15)
  2 boulder beetles
  5 centaur warriors
  3 death yaks (Lair:5)
  14 two-headed ogres
  6 naga warriors
  2 tengu warriors (D:13)
  6 alligators
  4 naga sharpshooters
  A deep elf knight (D:14)
  3 orc high priests (Orc:2)
  2 shock serpents
  A salamander mystic (Snake:3)
  A hell knight (D:14)
  A fire crab (D:8)
  A sea snake (Snake:3)
  4 skysharks
  6 goliath frogs
  4 bunyip zombies (Swamp:3)
  9 swamp dragons
  An orb spider (shapeshifter) (D:15)
  4 spriggan druids
  A spriggan simulacrum (Swamp:3)
  Pikel (D:5)
  A wizard (D:14)
  5 bog bodies
  3 bunyip skeletons (Swamp:3)
  5 orc knights
  4 mana vipers
  15 ugly things
  A deep elf pyromancer (D:7)
  3 orc sorcerers (Orc:2)
  2 manticores (D:15)
  2 cyclopes
  4 will-o-the-wisps
  26 black mambas
  10 salamanders
  9 centaur zombies (D:11)
  16 elephants
  5 guardian serpents
  13 naga magi
  2 torpor snails
  19 cane toads
  2 gargoyles
  An unseen horror (D:13)
  4 kobold demonologists
  17 komodo dragons
  3 rime drakes
  An efreet (D:14)
  A tengu conjurer (D:13)
  7 trolls
  7 hornets
  A bloated husk (Swamp:1)
  12 tyrant leeches
  4 polar bears
  27 blink frogs
  A raiju (shapeshifter) (D:14)
  5 dream sheep (Lair:3)
  Sigmund (D:5)
  22 slime creatures
  8 shadows
  7 vampires
  4 spriggans (Swamp:1)
  A wyvern (Lair:2)
  2 wraiths (D:11)
  6 hogs (Lair:3)
  45 yaks
  8 basilisks
  A human (Lair:3)
  25 vampire mosquitoes
  2 steam dragons
  20 nagas
  8 water moccasins
  3 wargs
  12 swamp worms
  An acid dragon (D:12)
  18 orc warriors
  2 ice beasts
  A sky beast (D:7)
  3 swamp drakes
  11 ogres
  50 wolves
  10 centaurs
  4 phantoms
  5 kobold brigands
  2 lemures (D:5)
  16 bullfrogs
  4 gnoll sergeants
  3 scorpions
  7 wights
  5 killer bees (D:8)
  7 electric eels
  7 howler monkeys
  3 lava snakes (Lair:5)
  A gnoll bouda (D:9)
  7 jellies
  23 orc priests
  An iguana (D:4)
  A sleepcap (D:5)
  20 orc wizards
  8 mummies (Ossuary)
  18 gnolls
  5 adders
  A shadow imp (D:6)
  2 white imps (D:7)
  An ufetubus (D:5)
  A worm (D:2)
  2 dart slugs
  64 orcs
  6 ball pythons
  3 bats
  3 endoplasms
  3 giant cockroaches
  A gnoll zombie (Ossuary)
  10 goblins
  14 hobgoblins
  8 jackals
  2 quokkas
  A frilled lizard (D:1)
  2 hobgoblin zombies (Ossuary)
  35 kobolds
  2 kobold zombies (Ossuary)
  3 orc zombies (Ossuary)
  9 rats
962 creatures vanquished.

Vanquished Creatures (others)
  A bloated husk (Swamp:2)
  A kobold (D:5)
  10 foxfires
  21 spectral weapons
33 creatures vanquished.

Grand Total: 995 creatures vanquished

Notes
Turn   | Place    | Note
-------+----------+-------------------------------------------
     0 | D:1      | qw the Gargoyle Fighter began the quest for the Orb.
     0 | D:1      | Reached XP level 1. HP: 14/14 MP: 1/1
     0 | D:1      | 0 ||| qw: Version: 0.2-a-102-gdf20003
     0 | D:1      | 0 ||| qw: Game counter: 709
     0 | D:1      | 0 ||| qw: Always use a shield: true
     0 | D:1      | 0 ||| qw: God list: Okawaru
     0 | D:1      | 0 ||| qw: Allow faded altars: false
     0 | D:1      | 0 ||| qw: Do Orc after D:15 true
     0 | D:1      | 0 ||| qw: Do second Lair branch before Depths: true
     0 | D:1      | 0 ||| qw: Lair rune preference: random
     0 | D:1      | 0 ||| qw: Plans: Normal, Zot:1-4, Slime:5, God:TSO, Crypt,
                  | Tomb, Pan, Hells, Abyss, Win
     0 | D:1      | 0 ||| PLANNING D:1-11
    36 | D:1      | 36 ||| Stepping ~*~*~tactically~*~*~ (hiding).
    53 | D:1      | 53 ||| DROPPING +0 club.
    97 | D:1      | Reached XP level 2. HP: 19/19 MP: 2/2
   140 | D:1      | 140 ||| Stepping ~*~*~tactically~*~*~ (hiding).
   262 | D:1      | 262 ||| Stepping ~*~*~tactically~*~*~ (stealth).
   263 | D:1      | 263 ||| Stepping ~*~*~tactically~*~*~ (stealth).
   267 | D:1      | 267 ||| Stepping ~*~*~tactically~*~*~ (stealth).
   308 | D:1      | 308 ||| Stepping ~*~*~tactically~*~*~ (hiding).
   309 | D:1      | 309 ||| Stepping ~*~*~tactically~*~*~ (hiding).
   494 | D:1      | Reached skill level 3 in Axes
   556 | D:1      | Reached XP level 3. HP: 23/23 MP: 3/3
   927 | D:1      | 927 ||| READING scroll labelled KUM VEAPNOHU.
   928 | D:1      | 928 ||| READING 2 scrolls labelled RIUMON QIOCU.
   931 | D:1      | 931 ||| READING scroll labelled HEMUKKAHES.
   932 | D:1      | 932 ||| READING scroll labelled OMIZXO HOSKUE.
   933 | D:1      | 933 ||| READING scroll labelled UMPALOWOAT.
  1190 | D:2      | 1190 ||| Stepping ~*~*~tactically~*~*~ (stealth).
  1191 | D:2      | 1191 ||| Stepping ~*~*~tactically~*~*~ (stealth).
  1439 | D:2      | Reached XP level 4. HP: 28/28 MP: 4/4
  1470 | D:2      | Found a faded altar of an unknown god.
  1616 | D:2      | 1616 ||| READING scroll labelled MEOQAA HOMYL.
  1617 | D:2      | 1617 ||| READING scroll labelled MUKOGH JEJUS.
  1618 | D:2      | 1618 ||| READING scroll labelled QULUAT YFEKY.
  1619 | D:2      | 1619 ||| READING scroll labelled YTITONK KANUFO.
  1620 | D:2      | 1620 ||| READING scroll labelled APAHAIS NIHEPH.
  1715 | D:3      | Found Odufuen's Antique Armour Shop.
  1755 | D:3      | 1755 ||| SHOPLISTING cloak (112 gold, have 95).
  1755 | D:3      | 1755 ||| SHOPLISTING glowing chain mail (187 gold, have
                  | 95).
  1755 | D:3      | 1755 ||| SHOPLISTING glowing plate armour (650 gold, have
                  | 95).
  1755 | D:3      | 1755 ||| SHOPLISTING helmet (112 gold, have 95).
  1755 | D:3      | 1755 ||| SHOPLISTING plate armour (575 gold, have 95).
  1755 | D:3      | 1755 ||| SHOPLISTING shiny helmet (187 gold, have 95).
  1779 | D:3      | Found a large runed translucent door.
  1780 | D:3      | Found a large runed translucent door.
  1881 | D:3      | Found Suolet's Magic Scroll Emporium.
  1891 | D:3      | 1891 ||| BUYING scroll of enchant armour (75 gold).
  1891 | D:3      | Bought a scroll of enchant armour for 75 gold pieces
  1891 | D:3      | 1891 ||| SHOPLISTING scroll of enchant weapon (75 gold,
                  | have 27).
  1891 | D:3      | 1891 ||| BUYING scroll of identify (20 gold).
  1891 | D:3      | Bought a scroll of identify for 20 gold pieces
  1891 | D:3      | 1891 ||| SHOPLISTING scroll of identify (20 gold, have 7).
  2034 | D:3      | Found Couriw's Assorted Antiques.
  2036 | D:3      | 2036 ||| Stepping ~*~*~tactically~*~*~ (hiding).
  2037 | D:3      | 2037 ||| Stepping ~*~*~tactically~*~*~ (hiding).
  2039 | D:3      | 2039 ||| Stepping ~*~*~tactically~*~*~ (hiding).
  2066 | D:3      | 2066 ||| SHOPLISTING metallic white potion (25 gold, have
                  | 7).
  2066 | D:3      | 2066 ||| SHOPLISTING scroll labelled SATEPP HUYHEXADA (28
                  | gold, have 7).
  2066 | D:3      | 2066 ||| SHOPLISTING scroll of teleportation (84 gold, have
                  | 7).
  2066 | D:3      | Found Giw Qeat's Assorted Antiques.
  2079 | D:3      | 2079 ||| SHOPLISTING black potion (17 gold, have 13).
  2079 | D:3      | 2079 ||| SHOPLISTING glass wand (76 gold, have 13).
  2079 | D:3      | 2079 ||| SHOPLISTING potion of might (76 gold, have 13).
  2211 | D:3      | 2211 ||| DROPPING +0 whip.
  2219 | D:3      | You fall into a shaft and drop 1 floor!
  2220 | D:4      | 2220 ||| PLANNING OSSUARY
  2250 | D:4      | Found a blossoming altar of Fedhas.
  2276 | D:4      | Reached XP level 5. HP: 32/32 MP: 5/5
  2404 | D:4      | Found a sparkling altar of Nemelex Xobeh.
  2404 | D:4      | Found a basalt altar of Yredelemnul.
  2405 | D:4      | 2405 ||| Stepping ~*~*~tactically~*~*~ (stealth).
  2470 | D:4      | 2470 ||| DROPPING +0 flail.
  2484 | D:4      | 2484 ||| Stepping ~*~*~tactically~*~*~ (stealth).
  2556 | D:4      | Noticed an ogre
  2557 | D:4      | 2557 ||| Stepping ~*~*~tactically~*~*~ (stealth).
  2558 | D:4      | 2558 ||| Stepping ~*~*~tactically~*~*~ (stealth).
  2570 | D:4      | HP: 4/32 [ogre/+0 giant club (28)]
  2571 | D:4      | 2571 ||| READING 2 scrolls of teleportation.
  2572 | D:4      | Killed an ogre
  2573 | D:4      | Reached XP level 6. HP: 6/39 MP: 6/6
  2744 | D:4      | Found a sand-covered staircase.
  2745 | D:4      | 2745 ||| UPGRADING to +0 chain mail.
  2755 | D:4      | 2755 ||| DROPPING +0 scale mail.
  2756 | D:4      | 2756 ||| UPGRADING to +0 helmet.
  2761 | D:4      | 2761 ||| READING 3 scrolls of enchant armour.
  2761 | D:4      | 2761 ||| ENCHANTING +0 helmet.
  2762 | D:4      | 2762 ||| READING 2 scrolls of enchant armour.
  2762 | D:4      | 2762 ||| ENCHANTING +1 helmet.
  2763 | D:4      | 2763 ||| UPGRADING to +6 ring of strength.
  2764 | D:4      | 2764 ||| READING scroll labelled SATEPP HUYHEXADA.
  2765 | D:4      | 2765 ||| READING scroll labelled TECKYH WUMNARPH.
  2765 | D:4      | Identified a scroll of acquirement
  2765 | D:4      | 2765 ||| ACQUIRING +1 hat "Heokeysi" {rF+ Dex+5}
  2765 | D:4      | Acquired the +1 hat "Heokeysi" {rF+ Dex+5}
  2766 | D:4      | 2766 ||| READING 2 scrolls labelled LOSIEF TUOTORGH.
  2767 | D:4      | 2767 ||| READING 3 scrolls of identify.
  2767 | D:4      | 2767 ||| IDENTIFYING metallic white potion
  2768 | D:4      | 2768 ||| READING 2 scrolls of identify.
  2768 | D:4      | 2768 ||| IDENTIFYING murky inky potion
  2769 | D:4      | 2769 ||| DROPPING potion of degeneration.
  2770 | D:4      | 2770 ||| DROPPING scroll of fear.
  2775 | Ossuary  | Entered an ossuary
  2951 | Ossuary  | Reached skill level 6 in Axes
  2985 | Ossuary  | 2985 ||| READING scroll of enchant weapon.
  2985 | Ossuary  | 2985 ||| ENCHANTING +1 war axe.
  3012 | Ossuary  | 3012 ||| READING scroll labelled BUDUAS BUAM.
  3113 | Ossuary  | 3113 ||| DRINKING 2 clear potions.
  3114 | Ossuary  | 3114 ||| DRINKING 2 blue potions.
  3115 | Ossuary  | 3115 ||| DRINKING 2 fuming emerald potions.
  3116 | Ossuary  | 3116 ||| DROPPING potion of magic.
  3136 | D:4      | 3136 ||| PLANNING D:1-11
  3633 | D:4      | 3633 ||| UPGRADING to +1 hat "Heokeysi" {rF+ Dex+5}.
  3643 | D:4      | 3643 ||| READING 2 scrolls of identify.
  3643 | D:4      | 3643 ||| IDENTIFYING fizzy pink potion
  3678 | D:5      | Entered Level 5 of the Dungeon
  3693 | D:5      | Found a staircase to the Ecumenical Temple.
  3694 | D:5      | 3694 ||| PLANNING TEMPLE
  3703 | Temple   | Entered the Ecumenical Temple
  3847 | Temple   | 3847 ||| PLANNING OKAWARU WORSHIP
  3878 | Temple   | Became a worshipper of Warmaster Okawaru
  3878 | Temple   | 3878 ||| PLANNING D:1-11
  3939 | D:5      | Reached skill level 1 in Dodging
  3939 | D:5      | Reached XP level 7. HP: 39/44 MP: 7/7
  4071 | D:5      | Noticed Pikel
  4071 | D:5      | 4071 ||| Stepping ~*~*~tactically~*~*~ (stealth).
  4092 | D:5      | HP: 9/44 [Pikel/+1 whip of flaming (3)]
  4093 | D:5      | 4093 ||| READING scroll of teleportation.
  4094 | D:5      | 4094 ||| DRINKING potion of heal wounds.
  4095 | D:5      | Killed Pikel
  4095 | D:5      | Reached * piety under Okawaru
  4096 | D:5      | Reached XP level 8. HP: 46/48 MP: 8/8
  4121 | D:5      | Noticed Sigmund
  4122 | D:5      | 4122 ||| INVOKING Heroism.
  4131 | D:5      | Reached skill level 1 in Invocations
  4133 | D:5      | 4133 ||| INVOKING Heroism.
  4137 | D:5      | Killed Sigmund
  4137 | D:5      | Reached ** piety under Okawaru
  4388 | D:5      | 4388 ||| Stepping ~*~*~tactically~*~*~ (hiding).
  4389 | D:5      | 4389 ||| Stepping ~*~*~tactically~*~*~ (hiding).
  4390 | D:5      | 4390 ||| Stepping ~*~*~tactically~*~*~ (hiding).
  4552 | D:5      | Reached skill level 1 in Throwing
  4552 | D:5      | Reached skill level 3 in Invocations
  4580 | D:5      | 4580 ||| INVOKING Heroism.
  4637 | D:5      | Noticed a hornet
  4639 | D:5      | 4639 ||| Stepping ~*~*~tactically~*~*~ (stealth).
  4646 | D:5      | Killed a hornet
  4647 | D:5      | Reached skill level 6 in Fighting
  4647 | D:5      | Reached XP level 9. HP: 49/55 MP: 10/12
  4694 | D:5      | 4694 ||| INVOKING Heroism.
  4710 | D:5      | Identified the +2 leather armour of Fun and Games {Rampage
                  | +Inv Will-}
  4760 | D:5      | Found a shimmering blue altar of Sif Muna.
  5306 | D:6      | Reached skill level 9 in Axes
  5349 | D:6      | 5349 ||| Stepping ~*~*~tactically~*~*~ (hiding).
  5350 | D:6      | 5350 ||| Stepping ~*~*~tactically~*~*~ (hiding).
  5365 | D:6      | Reached *** piety under Okawaru
  5553 | D:6      | 5553 ||| READING scroll of acquirement.
  5553 | D:6      | 5553 ||| ACQUIRING scarf of Resonance {shadows, Dex+3}
  5553 | D:6      | Acquired the scarf of Resonance {shadows, Dex+3}
  5555 | D:6      | 5555 ||| UPGRADING to scarf of Resonance {shadows, Dex+3}.
  5562 | D:6      | 5562 ||| INVOKING Heroism.
  5705 | D:6      | 5705 ||| DRINKING 2 brown potions.
  5732 | D:6      | 5732 ||| READING 2 scrolls of identify.
  5732 | D:6      | 5732 ||| IDENTIFYING cyan potion
  5747 | D:6      | Reached skill level 4 in Shields
  5778 | D:7      | Found a runed translucent door.
  5862 | D:7      | 5862 ||| INVOKING Heroism.
  6086 | D:7      | 6086 ||| Stepping ~*~*~tactically~*~*~ (hiding).
  6088 | D:7      | 6088 ||| Stepping ~*~*~tactically~*~*~ (hiding).
  6091 | D:7      | 6091 ||| INVOKING Heroism.
  6110 | D:7      | 6110 ||| Stepping ~*~*~tactically~*~*~ (hiding).
  6280 | D:7      | 6280 ||| DROPPING ring of flight.
  6281 | D:7      | Noticed a kobold demonologist
  6281 | D:7      | Noticed a purple ugly thing
  6289 | D:7      | Noticed a sixfirhy
  6298 | D:7      | 6298 ||| INVOKING Heroism.
  6305 | D:7      | Killed a purple ugly thing
  6310 | D:7      | Reached XP level 10. HP: 36/63 MP: 11/13
  6315 | D:7      | Killed a kobold demonologist
  6319 | D:7      | HP: 9/63 [centaur/arrow (8)]
  6320 | D:7      | 6320 ||| READING scroll of teleportation.
  6320 | D:7      | HP: 3/63 [something (6)]
  6321 | D:7      | 6321 ||| DRINKING 2 potions of heal wounds.
  6331 | D:7      | 6331 ||| INVOKING Heroism.
  6332 | D:7      | Noticed a gargoyle
  6340 | D:7      | Killed a gargoyle
  6457 | D:7      | 6457 ||| Stepping ~*~*~tactically~*~*~ (stealth).
  6459 | D:7      | 6459 ||| Stepping ~*~*~tactically~*~*~ (hiding).
  6465 | D:7      | Reached **** piety under Okawaru
  6477 | D:7      | 6477 ||| Stepping ~*~*~tactically~*~*~ (stealth).
  6488 | D:7      | Noticed a deep elf pyromancer
  6502 | D:7      | Identified the +9 scimitar "Seops" {elec, rC- Int+4}
  6514 | D:7      | Reached skill level 3 in Dodging
  6515 | D:7      | 6515 ||| UPGRADING to ring of resist corrosion.
  6553 | D:7      | 6553 ||| INVOKING Heroism.
  6555 | D:7      | Killed a deep elf pyromancer
  6631 | D:7      | Found Daeliuni's Jewellery Shop.
  6640 | D:7      | 6640 ||| BUYING +4 ring of protection (432 gold).
  6640 | D:7      | Bought a +4 ring of protection for 432 gold pieces
  6640 | D:7      | 6640 ||| SHOPLISTING ring of ice (300 gold, have 136).
  6640 | D:7      | 6640 ||| SHOPLISTING ring of protection from cold (300
                  | gold, have 136).
  6828 | D:7      | 6828 ||| UPGRADING to +4 ring of protection.
  6830 | D:7      | 6830 ||| UPGRADING to +6 ring of strength.
  6832 | D:7      | 6832 ||| READING 2 scrolls of identify.
  6832 | D:7      | 6832 ||| IDENTIFYING black potion
  6884 | D:8      | 6884 ||| Stepping ~*~*~tactically~*~*~ (stealth).
  6889 | D:8      | 6889 ||| Stepping ~*~*~tactically~*~*~ (stealth).
  6895 | D:8      | Reached skill level 5 in Shields
  6905 | D:8      | 6905 ||| INVOKING Heroism.
  7064 | D:8      | 7064 ||| Stepping ~*~*~tactically~*~*~ (stealth).
  7073 | D:8      | Reached skill level 6 in Invocations
  7087 | D:8      | Noticed a fire crab
  7098 | D:8      | Killed a fire crab
  7102 | D:8      | 7102 ||| Stepping ~*~*~tactically~*~*~ (stealth).
  7196 | D:8      | Found a staircase to the Lair.
  7236 | D:8      | 7236 ||| INVOKING Heroism.
  7273 | D:8      | 7273 ||| INVOKING Heroism.
  7282 | D:8      | Reached XP level 11. HP: 19/68 MP: 14/16
  7352 | D:8      | 7352 ||| INVOKING Heroism.
  7572 | D:8      | 7572 ||| Stepping ~*~*~tactically~*~*~ (hiding).
  7600 | D:8      | 7600 ||| DROPPING +1 whip of venom.
  7633 | D:8      | 7633 ||| Stepping ~*~*~tactically~*~*~ (hiding).
  7636 | D:8      | 7636 ||| Stepping ~*~*~tactically~*~*~ (hiding).
  7686 | D:8      | 7686 ||| INVOKING Heroism.
  7765 | D:8      | 7765 ||| Stepping ~*~*~tactically~*~*~ (stealth).
  7777 | D:8      | 7777 ||| INVOKING Heroism.
  8541 | D:8      | 8541 ||| PLANNING LAIR
  8541 | D:8      | 8541 ||| UPGRADING to +0 cloak.
  8551 | D:8      | 8551 ||| DROPPING scarf of Resonance {shadows, Dex+3}.
  8552 | D:8      | 8552 ||| READING scroll of enchant armour.
  8552 | D:8      | 8552 ||| ENCHANTING +0 cloak.
  8553 | D:8      | 8553 ||| READING scroll labelled NACRUSM WOICK.
  8554 | D:8      | 8554 ||| DRINKING 2 grey potions.
  8555 | D:8      | 8555 ||| READING 2 scrolls of identify.
  8555 | D:8      | 8555 ||| IDENTIFYING smoky brown potion
  8556 | D:8      | 8556 ||| DROPPING potion of ambrosia.
  8637 | Lair:1   | Entered Level 1 of the Lair of Beasts
  8666 | Lair:1   | 8666 ||| INVOKING Heroism.
  8818 | Lair:1   | 8818 ||| INVOKING Heroism.
  8836 | Lair:1   | Received a gift from Okawaru
  8839 | Lair:1   | Reached skill level 9 in Fighting
  8967 | Lair:1   | 8967 ||| INVOKING Heroism.
  9143 | Lair:1   | 9143 ||| Stepping ~*~*~tactically~*~*~ (hiding).
  9145 | Lair:1   | 9145 ||| Stepping ~*~*~tactically~*~*~ (hiding).
  9152 | Lair:1   | Reached skill level 9 in Invocations
  9333 | Lair:1   | 9333 ||| INVOKING Heroism.
  9366 | Lair:1   | 9366 ||| INVOKING Heroism.
  9520 | Lair:1   | 9520 ||| UPGRADING to +0 plate armour.
  9530 | Lair:1   | 9530 ||| DROPPING +0 chain mail.
  9531 | Lair:1   | 9531 ||| DROPPING ring of wizardry.
  9532 | Lair:1   | 9532 ||| DROPPING ring of willpower.
  9533 | Lair:1   | 9533 ||| READING 2 scrolls of identify.
  9533 | Lair:1   | 9533 ||| IDENTIFYING lumpy amethyst potion
  9534 | Lair:1   | 9534 ||| DROPPING potion of brilliance.
  9564 | Lair:2   | 9564 ||| STAIRDANCE
  9568 | Lair:1   | 9568 ||| INVOKING Heroism.
  9573 | Lair:1   | Reached skill level 6 in Armour
  9574 | Lair:1   | Reached skill level 3 in Throwing
  9675 | Lair:2   | 9675 ||| INVOKING Heroism.
  9692 | Lair:2   | Reached XP level 12. HP: 35/76 MP: 17/19
  9708 | Lair:2   | 9708 ||| Stepping ~*~*~tactically~*~*~ (stealth).
  9721 | Lair:2   | Reached ***** piety under Okawaru
  9729 | Lair:2   | 9729 ||| INVOKING Heroism.
  9782 | Lair:2   | 9782 ||| FLEEEEING.
  9783 | Lair:2   | 9783 ||| FLEEEEING.
  9784 | Lair:2   | 9784 ||| FLEEEEING.
  9785 | Lair:2   | 9785 ||| STAIRDANCE
  9855 | Lair:2   | 9855 ||| INVOKING Heroism.
  9863 | Lair:2   | Reached skill level 12 in Axes
  9913 | Lair:2   | 9913 ||| Stepping ~*~*~tactically~*~*~ (hiding).
 10026 | Lair:2   | 10026 ||| Stepping ~*~*~tactically~*~*~ (stealth).
 10042 | Lair:2   | 10042 ||| Stepping ~*~*~tactically~*~*~ (stealth).
 10118 | Lair:2   | Found a staircase to the Swamp.
 10132 | Lair:2   | Reached skill level 6 in Shields
 10144 | Lair:2   | You fall into a shaft and drop 1 floor!
 10145 | Lair:3   | 10145 ||| INVOKING Heroism.
 10146 | Lair:3   | 10146 ||| Stepping ~*~*~tactically~*~*~ (stealth).
 10251 | Lair:3   | 10251 ||| DRINKING 2 metallic dark potions.
 10252 | Lair:3   | 10252 ||| DROPPING potion of flight.
 10262 | Lair:2   | 10262 ||| INVOKING Heroism.
 10361 | Lair:2   | 10361 ||| READING scroll of enchant armour.
 10361 | Lair:2   | 10361 ||| ENCHANTING +1 cloak.
 10391 | Lair:2   | 10391 ||| FLEEEEING.
 10392 | Lair:2   | 10392 ||| FLEEEEING.
 10393 | Lair:2   | 10393 ||| FLEEEEING.
 10394 | Lair:2   | 10394 ||| FLEEEEING.
 10395 | Lair:2   | 10395 ||| FLEEEEING.
 10396 | Lair:2   | 10396 ||| FLEEEEING.
 10397 | Lair:2   | 10397 ||| FLEEEEING.
 10398 | Lair:2   | 10398 ||| FLEEEEING.
 10399 | Lair:2   | 10399 ||| FLEEEEING.
 10401 | Lair:2   | 10401 ||| FLEEEEING.
 10402 | Lair:2   | 10402 ||| FLEEEEING.
 10403 | Lair:2   | 10403 ||| FLEEEEING.
 10404 | Lair:2   | 10404 ||| FLEEEEING.
 10405 | Lair:2   | 10405 ||| FLEEEEING.
 10408 | Lair:2   | 10408 ||| FLEEEEING.
 10409 | Lair:2   | 10409 ||| FLEEEEING.
 10410 | Lair:2   | 10410 ||| FLEEEEING.
 10411 | Lair:2   | 10411 ||| FLEEEEING.
 10640 | Lair:2   | Found a staircase to the Snake Pit.
 10713 | Lair:2   | 10713 ||| INVOKING Heroism.
 10718 | Lair:2   | Received a gift from Okawaru
 11148 | Lair:3   | 11148 ||| INVOKING Heroism.
 11194 | Lair:3   | 11194 ||| Stepping ~*~*~tactically~*~*~ (hiding).
 11214 | Lair:3   | Identified the +0 leather armour "Bestri" {Int+3}
 11305 | Lair:3   | Noticed Kirke
 11305 | Lair:3   | 11305 ||| INVOKING Heroism.
 11319 | Lair:3   | 11319 ||| Stepping ~*~*~tactically~*~*~ (stealth).
 11370 | Lair:3   | 11370 ||| INVOKING Heroism.
 11420 | Lair:3   | 11420 ||| INVOKING Finesse.
 11421 | Lair:3   | 11421 ||| INVOKING Finesse.
 11450 | Lair:3   | 11450 ||| INVOKING Heroism.
 11467 | Lair:3   | 11467 ||| DRINKING 3 potions of cancellation.
 11469 | Lair:3   | Killed Kirke
 11470 | Lair:3   | Reached skill level 9 in Armour
 11470 | Lair:3   | Reached XP level 13. HP: 63/82 MP: 15/20
 11594 | Lair:3   | 11594 ||| Stepping ~*~*~tactically~*~*~ (stealth).
 11633 | Lair:3   | 11633 ||| INVOKING Heroism.
 11647 | Lair:3   | Identified the +2 pair of boots "Peuph" {+Blink rPois}
                  | (Okawaru gifted it to you on level 3 of the Lair of Beasts)
 11647 | Lair:3   | Received a gift from Okawaru
 11688 | Lair:3   | 11688 ||| INVOKING Heroism.
 11808 | Lair:3   | 11808 ||| Stepping ~*~*~tactically~*~*~ (stealth).
 12175 | Lair:3   | 12175 ||| INVOKING Heroism.
 12313 | Lair:3   | 12313 ||| READING scroll of enchant weapon.
 12313 | Lair:3   | 12313 ||| ENCHANTING +2 war axe.
 12833 | Lair:3   | 12833 ||| UPGRADING to +2 pair of boots "Peuph" {+Blink
                  | rPois}.
 13215 | Lair:4   | 13215 ||| STAIRDANCE
 13221 | Lair:3   | 13221 ||| INVOKING Heroism.
 13447 | Lair:4   | 13447 ||| INVOKING Heroism.
 13481 | Lair:4   | 13481 ||| SWAPPING to +1 heavy war axe.
 13482 | Lair:4   | 13482 ||| DROPPING +3 war axe.
 13503 | Lair:4   | 13503 ||| INVOKING Heroism.
 13641 | Lair:4   | Found a staircase to the Slime Pits.
 13660 | Lair:4   | 13660 ||| INVOKING Heroism.
 13661 | Lair:4   | 13661 ||| INVOKING Finesse.
 13669 | Lair:4   | 13669 ||| SWAPPING to +3 flail.
 13677 | Lair:4   | 13677 ||| SWAPPING to +1 heavy war axe.
 13783 | Lair:4   | 13783 ||| Stepping ~*~*~tactically~*~*~ (stealth).
 13784 | Lair:4   | 13784 ||| Stepping ~*~*~tactically~*~*~ (stealth).
 13795 | Lair:4   | Reached skill level 7 in Shields
 13842 | Lair:4   | 13842 ||| Stepping ~*~*~tactically~*~*~ (stealth).
 13864 | Lair:4   | 13864 ||| Stepping ~*~*~tactically~*~*~ (stealth).
 13887 | Lair:4   | 13887 ||| INVOKING Heroism.
 13946 | Lair:4   | 13946 ||| INVOKING Heroism.
 14186 | Lair:4   | 14186 ||| Stepping ~*~*~tactically~*~*~ (stealth).
 14188 | Lair:4   | 14188 ||| INVOKING Heroism.
 14245 | Lair:5   | Entered Level 5 of the Lair of Beasts
 14251 | Lair:5   | 14251 ||| STAIRDANCE
 14294 | Lair:5   | 14294 ||| Stepping ~*~*~tactically~*~*~ (stealth).
 14299 | Lair:5   | 14299 ||| INVOKING Heroism.
 14319 | Lair:5   | 14319 ||| Stepping ~*~*~tactically~*~*~ (stealth).
 14320 | Lair:5   | 14320 ||| Stepping ~*~*~tactically~*~*~ (stealth).
 14321 | Lair:5   | 14321 ||| Stepping ~*~*~tactically~*~*~ (stealth).
 14322 | Lair:5   | 14322 ||| Stepping ~*~*~tactically~*~*~ (stealth).
 14329 | Lair:5   | 14329 ||| Stepping ~*~*~tactically~*~*~ (stealth).
 14340 | Lair:5   | 14340 ||| INVOKING Heroism.
 14381 | Lair:5   | 14381 ||| INVOKING Heroism.
 14385 | Lair:5   | 14385 ||| Stepping ~*~*~tactically~*~*~ (stealth).
 14392 | Lair:5   | 14392 ||| Stepping ~*~*~tactically~*~*~ (stealth).
 14393 | Lair:5   | 14393 ||| Stepping ~*~*~tactically~*~*~ (stealth).
 14397 | Lair:5   | Gained mutation: Your large and strong wings let you fly.
                  | [Gargoyle growth]
 14397 | Lair:5   | Reached XP level 14. HP: 90/90 MP: 21/21
 14409 | Lair:5   | Reached skill level 15 in Axes
 14435 | Lair:5   | 14435 ||| FLEEEEING.
 14436 | Lair:5   | 14436 ||| Stepping ~*~*~tactically~*~*~ (stealth).
 14454 | Lair:5   | 14454 ||| Stepping ~*~*~tactically~*~*~ (stealth).
 14455 | Lair:5   | 14455 ||| Stepping ~*~*~tactically~*~*~ (stealth).
 14460 | Lair:5   | 14460 ||| Stepping ~*~*~tactically~*~*~ (stealth).
 14461 | Lair:5   | 14461 ||| Stepping ~*~*~tactically~*~*~ (stealth).
 14524 | Lair:5   | 14524 ||| Stepping ~*~*~tactically~*~*~ (stealth).
 14554 | Lair:5   | Identified the +2 animal skin of Okawaru's Benevolence
                  | {rN+++ Str+2 Slay+2} (Okawaru gifted it to you on level 5
                  | of the Lair of Beasts)
 14554 | Lair:5   | Received a gift from Okawaru
 14560 | Lair:5   | 14560 ||| FLEEEEING.
 14602 | Lair:5   | Reached skill level 12 in Fighting
 14633 | Lair:5   | 14633 ||| INVOKING Heroism.
 14642 | Lair:5   | 14642 ||| FLEEEEING.
 14643 | Lair:5   | 14643 ||| FLEEEEING.
 14644 | Lair:5   | 14644 ||| FLEEEEING.
 14645 | Lair:5   | 14645 ||| FLEEEEING.
 14655 | Lair:5   | 14655 ||| Stepping ~*~*~tactically~*~*~ (stealth).
 14738 | Lair:5   | 14738 ||| Stepping ~*~*~tactically~*~*~ (stealth).
 14741 | Lair:5   | 14741 ||| Stepping ~*~*~tactically~*~*~ (stealth).
 14893 | Lair:5   | Identified the staff of fire "Jaxuph Cegip" {rF+ rC- rCorr
                  | Str+2 Int+9}
 14940 | Lair:5   | 14940 ||| Stepping ~*~*~tactically~*~*~ (stealth).
 14944 | Lair:5   | 14944 ||| Stepping ~*~*~tactically~*~*~ (stealth).
 14949 | Lair:5   | Identified the +2 robe of Paukhlet {Stlth+}
 15060 | Lair:5   | 15060 ||| Stepping ~*~*~tactically~*~*~ (stealth).
 15204 | Lair:5   | Found a runed translucent door.
 15205 | Lair:5   | Identified the +4 spear "Juset" {flame, rPois Stlth+}
 15207 | Lair:5   | Noticed qw's ghost (journeyman GrFi)
 15207 | Lair:5   | Found the +3 pair of mountain boots {steadfast, rC+}
 15283 | Lair:5   | 15283 ||| Stepping ~*~*~tactically~*~*~ (stealth).
 15507 | Lair:5   | 15507 ||| PLANNING D:1-11
 15507 | Lair:5   | 15507 ||| READING scroll labelled XIOREIKH TOITI.
 15667 | D:8      | Identified the +8 spear "Orb Guardian's Bane" {vamp, rPois
                  | rF- rCorr Stlth+}
 15670 | D:8      | 15670 ||| Stepping ~*~*~tactically~*~*~ (hiding).
 15764 | D:9      | 15764 ||| STAIRDANCE
 15815 | D:9      | Noticed Erica
 15816 | D:9      | 15816 ||| INVOKING Heroism.
 15817 | D:9      | 15817 ||| INVOKING Finesse.
 15832 | D:9      | Killed Erica
 15858 | D:9      | 15858 ||| Stepping ~*~*~tactically~*~*~ (hiding).
 15859 | D:9      | 15859 ||| Stepping ~*~*~tactically~*~*~ (hiding).
 15864 | D:9      | 15864 ||| Stepping ~*~*~tactically~*~*~ (hiding).
 15865 | D:9      | 15865 ||| Stepping ~*~*~tactically~*~*~ (hiding).
 15866 | D:9      | 15866 ||| Stepping ~*~*~tactically~*~*~ (hiding).
 15977 | D:9      | 15977 ||| READING scroll of enchant armour.
 15977 | D:9      | 15977 ||| ENCHANTING +0 plate armour.
 16051 | D:9      | 16051 ||| READING scroll of brand weapon.
 16051 | D:9      | 16051 ||| BRANDING +1 heavy war axe.
 16061 | D:9      | 16061 ||| Stepping ~*~*~tactically~*~*~ (hiding).
 16135 | D:9      | 16135 ||| INVOKING Heroism.
 16424 | D:9      | 16424 ||| READING scroll of enchant armour.
 16424 | D:9      | 16424 ||| ENCHANTING +1 plate armour.
 16738 | D:9      | 16738 ||| UPGRADING to +0 kite shield.
 16748 | D:9      | 16748 ||| DROPPING +0 buckler.
 16782 | D:10     | Entered Level 10 of the Dungeon
 16814 | D:10     | 16814 ||| Stepping ~*~*~tactically~*~*~ (hiding).
 16816 | D:10     | 16816 ||| Stepping ~*~*~tactically~*~*~ (hiding).
 16826 | D:10     | 16826 ||| Stepping ~*~*~tactically~*~*~ (stealth).
 16830 | D:10     | Found a transporter.
 16860 | D:10     | Found a transporter.
 16951 | D:10     | 16951 ||| Stepping ~*~*~tactically~*~*~ (stealth).
 16953 | D:10     | 16953 ||| Stepping ~*~*~tactically~*~*~ (hiding).
 16954 | D:10     | 16954 ||| Stepping ~*~*~tactically~*~*~ (hiding).
 17105 | D:10     | Found a transporter.
 17187 | D:10     | 17187 ||| INVOKING Heroism.
 17282 | D:10     | 17282 ||| Stepping ~*~*~tactically~*~*~ (hiding).
 17487 | D:10     | 17487 ||| Stepping ~*~*~tactically~*~*~ (hiding).
 17495 | D:10     | 17495 ||| Stepping ~*~*~tactically~*~*~ (stealth).
 17496 | D:10     | 17496 ||| Stepping ~*~*~tactically~*~*~ (stealth).
 17802 | D:11     | Reached skill level 8 in Shields
 17927 | D:11     | 17927 ||| INVOKING Heroism.
 17929 | D:11     | Reached skill level 9 in Shields
 18132 | D:11     | Found a runed translucent gate.
 18132 | D:11     | Found a runed translucent gate.
 18132 | D:11     | Found a runed translucent gate.
 18133 | D:11     | Found an opulent altar of Gozag.
 18134 | D:11     | Noticed Zouniz Rihu's ghost (novice DDFi)
 18140 | D:11     | 18140 ||| READING scroll of acquirement.
 18140 | D:11     | 18140 ||| ACQUIRING 1015 gold pieces
 18140 | D:11     | Acquired 1015 gold pieces
 18204 | D:11     | 18204 ||| Stepping ~*~*~tactically~*~*~ (stealth).
 18213 | D:11     | 18213 ||| Stepping ~*~*~tactically~*~*~ (stealth).
 18422 | D:11     | Reached XP level 15. HP: 90/96 MP: 22/22
 18441 | D:11     | 18441 ||| Stepping ~*~*~tactically~*~*~ (stealth).
 18452 | D:11     | Reached skill level 10 in Shields
 18456 | D:11     | 18456 ||| INVOKING Heroism.
 18853 | D:11     | Identified the +8 dagger of the Pure Interlopers {freeze,
                  | Fly rC+ Stlth+}
 18912 | D:11     | 18912 ||| PLANNING D
 18912 | D:11     | 18912 ||| DROPPING +2 pair of boots.
 19075 | D:12     | Found a staircase to the Orcish Mines.
 19087 | D:12     | 19087 ||| Stepping ~*~*~tactically~*~*~ (stealth).
 19093 | D:12     | 19093 ||| Stepping ~*~*~tactically~*~*~ (hiding).
 19357 | D:12     | 19357 ||| Stepping ~*~*~tactically~*~*~ (stealth).
 19362 | D:12     | Reached skill level 11 in Shields
 19759 | D:12     | 19759 ||| Stepping ~*~*~tactically~*~*~ (stealth).
 19786 | D:12     | 19786 ||| Stepping ~*~*~tactically~*~*~ (stealth).
 20030 | D:13     | Found Dererch's Antique Armour Emporium.
 20034 | D:13     | 20034 ||| BUYING pair of gloves (117 gold).
 20034 | D:13     | Bought a pair of gloves for 117 gold pieces
 20048 | D:13     | 20048 ||| Stepping ~*~*~tactically~*~*~ (stealth).
 20063 | D:13     | Reached skill level 12 in Shields
 20124 | D:13     | Found Kitrinn's Antique Armour Emporium.
 20131 | D:13     | 20131 ||| READING scroll of enchant armour.
 20131 | D:13     | 20131 ||| ENCHANTING +2 plate armour.
 20214 | D:13     | Found Dippuu Gugi's Weapon Shop.
 20223 | D:13     | 20223 ||| BUYING +2 morningstar of protection (319 gold).
 20223 | D:13     | Bought a +2 morningstar of protection for 319 gold pieces
 20223 | D:13     | 20223 ||| DROPPING +3 flail.
 20400 | D:13     | Received a gift from Okawaru
 20516 | D:13     | 20516 ||| Stepping ~*~*~tactically~*~*~ (hiding).
 20712 | D:13     | 20712 ||| Stepping ~*~*~tactically~*~*~ (stealth).
 20720 | D:13     | 20720 ||| INVOKING Heroism.
 20803 | D:13     | Found a gate to the Vaults.
 20810 | D:13     | 20810 ||| INVOKING Heroism.
 20825 | D:13     | HP: 23/96 [tengu warrior/+0 glaive (14)]
 20826 | D:13     | 20826 ||| READING 7 scrolls of teleportation.
 20827 | D:13     | 20827 ||| DRINKING 3 potions of heal wounds.
 20863 | D:13     | 20863 ||| INVOKING Heroism.
 20955 | D:13     | 20955 ||| FLEEEEING.
 20956 | D:13     | 20956 ||| FLEEEEING.
 20957 | D:13     | 20957 ||| FLEEEEING.
 20958 | D:13     | 20958 ||| FLEEEEING.
 20959 | D:13     | 20959 ||| FLEEEEING.
 20960 | D:13     | 20960 ||| FLEEEEING.
 20961 | D:13     | 20961 ||| FLEEEEING.
 20962 | D:13     | 20962 ||| FLEEEEING.
 20963 | D:13     | 20963 ||| FLEEEEING.
 20964 | D:13     | 20964 ||| FLEEEEING.
 20966 | D:13     | 20966 ||| FLEEEEING.
 20968 | D:13     | 20968 ||| FLEEEEING.
 20969 | D:13     | 20969 ||| FLEEEEING.
 20972 | D:13     | 20972 ||| Stepping ~*~*~tactically~*~*~ (hiding).
 20981 | D:13     | 20981 ||| INVOKING Heroism.
 21104 | D:13     | 21104 ||| Stepping ~*~*~tactically~*~*~ (stealth).
 21240 | D:13     | 21240 ||| UPGRADING to +0 pair of gloves.
 21245 | D:13     | 21245 ||| UPGRADING to amulet of faith.
 21250 | D:13     | 21250 ||| READING 8 scrolls of identify.
 21250 | D:13     | 21250 ||| IDENTIFYING silvery potion
 21251 | D:13     | 21251 ||| DROPPING potion of invisibility.
 21318 | D:14     | 21318 ||| FLEEEEING.
 21319 | D:14     | 21319 ||| FLEEEEING.
 21320 | D:14     | 21320 ||| FLEEEEING.
 21321 | D:14     | 21321 ||| FLEEEEING.
 21372 | D:14     | 21372 ||| Stepping ~*~*~tactically~*~*~ (hiding).
 21381 | D:14     | Noticed Louise
 21382 | D:14     | 21382 ||| INVOKING Heroism.
 21383 | D:14     | 21383 ||| INVOKING Finesse.
 21405 | D:14     | Killed Louise
 21411 | D:14     | 21411 ||| Stepping ~*~*~tactically~*~*~ (stealth).
 21415 | D:14     | Noticed Harold
 21425 | D:14     | Killed Harold
 21426 | D:14     | Reached skill level 13 in Shields
 21430 | D:14     | 21430 ||| INVOKING Heroism.
 21442 | D:14     | 21442 ||| Stepping ~*~*~tactically~*~*~ (hiding).
 21448 | D:14     | Received a gift from Okawaru
 21583 | D:14     | 21583 ||| DROPPING +1 heavy war axe.
 21622 | D:14     | Found Tiumop's Antique Weapon Shoppe.
 21623 | D:14     | 21623 ||| Stepping ~*~*~tactically~*~*~ (hiding).
 21625 | D:14     | 21625 ||| Stepping ~*~*~tactically~*~*~ (hiding).
 21789 | D:14     | Found Iklualal's Distillery.
 21800 | D:14     | 21800 ||| BUYING potion of curing (36 gold).
 21800 | D:14     | Bought a potion of curing for 36 gold pieces
 21800 | D:14     | 21800 ||| BUYING potion of curing (36 gold).
 21800 | D:14     | Bought a potion of curing for 36 gold pieces
 21800 | D:14     | 21800 ||| BUYING potion of curing (36 gold).
 21800 | D:14     | Bought a potion of curing for 36 gold pieces
 21800 | D:14     | 21800 ||| BUYING potion of haste (120 gold).
 21800 | D:14     | Bought a potion of haste for 120 gold pieces
 21800 | D:14     | 21800 ||| BUYING potion of heal wounds (60 gold).
 21800 | D:14     | Bought a potion of heal wounds for 60 gold pieces
 21800 | D:14     | 21800 ||| BUYING potion of lignification (36 gold).
 21800 | D:14     | Bought a potion of lignification for 36 gold pieces
 21800 | D:14     | 21800 ||| BUYING potion of might (48 gold).
 21800 | D:14     | Bought a potion of might for 48 gold pieces
 22423 | D:14     | 22423 ||| UPGRADING to +0 tower shield.
 22433 | D:14     | 22433 ||| DROPPING +0 kite shield.
 22441 | D:15     | Entered Level 15 of the Dungeon
 22474 | D:15     | 22474 ||| INVOKING Heroism.
 22605 | D:15     | 22605 ||| INVOKING Heroism.
 22607 | D:15     | 22607 ||| READING 7 scrolls of teleportation.
 22650 | D:15     | Found a transporter.
 22651 | D:15     | Noticed a frost giant
 22652 | D:15     | Identified the +3 great mace of Hazeily {freeze, *Slow rF+
                  | rC+++}
 22652 | D:15     | Noticed a frost giant
 22655 | D:15     | Noticed qw's ghost (journeyman GrFi)
 22707 | D:15     | 22707 ||| Stepping ~*~*~tactically~*~*~ (hiding).
 22711 | D:15     | 22711 ||| INVOKING Heroism.
 22880 | D:15     | Found a staircase to the Depths.
 22929 | D:15     | 22929 ||| Stepping ~*~*~tactically~*~*~ (stealth).
 22933 | D:15     | 22933 ||| Stepping ~*~*~tactically~*~*~ (stealth).
 23010 | D:15     | 23010 ||| INVOKING Finesse.
 23019 | D:15     | Received a gift from Okawaru
 23068 | D:15     | Identified the staff of conjuration "Poisecac" {Dex+2}
 23182 | D:15     | Found a transporter.
 23206 | D:15     | Found an opulent altar of Gozag.
 23251 | D:15     | 23251 ||| Stepping ~*~*~tactically~*~*~ (hiding).
 23258 | D:15     | Reached skill level 14 in Shields
 23260 | D:15     | 23260 ||| INVOKING Heroism.
 23265 | D:15     | Received a gift from Okawaru
 23266 | D:15     | Reached XP level 16. HP: 67/101 MP: 21/23
 23388 | D:15     | 23388 ||| Stepping ~*~*~tactically~*~*~ (hiding).
 23393 | D:15     | 23393 ||| INVOKING Heroism.
 23541 | D:15     | 23541 ||| PLANNING ORC
 23610 | Orc:1    | Entered Level 1 of the Orcish Mines
 23683 | Orc:1    | Found a dark tunnel.
 23719 | Orc:1    | 23719 ||| Stepping ~*~*~tactically~*~*~ (hiding).
 23733 | Orc:1    | 23733 ||| Stepping ~*~*~tactically~*~*~ (stealth).
 23751 | Orc:1    | 23751 ||| Stepping ~*~*~tactically~*~*~ (hiding).
 23758 | Orc:1    | 23758 ||| FLEEEEING.
 23771 | Orc:1    | 23771 ||| Stepping ~*~*~tactically~*~*~ (stealth).
 23796 | Orc:1    | 23796 ||| Stepping ~*~*~tactically~*~*~ (stealth).
 23798 | Orc:1    | 23798 ||| Stepping ~*~*~tactically~*~*~ (stealth).
 23801 | Orc:1    | 23801 ||| FLEEEEING.
 23802 | Orc:1    | 23802 ||| FLEEEEING.
 23803 | Orc:1    | 23803 ||| Stepping ~*~*~tactically~*~*~ (hiding).
 24089 | Orc:2    | Entered Level 2 of the Orcish Mines
 24091 | Orc:2    | Found a staircase to the Elven Halls.
 24101 | Orc:2    | 24101 ||| DRINKING 19 potions of curing.
 24101 | Orc:2    | 24101 ||| (to cure confusion)
 24129 | Orc:1    | 24129 ||| INVOKING Heroism.
 24131 | Orc:1    | Received a gift from Okawaru
 24132 | Orc:1    | Reached skill level 15 in Shields
 24144 | Orc:1    | 24144 ||| Stepping ~*~*~tactically~*~*~ (stealth).
 24166 | Orc:1    | 24166 ||| Stepping ~*~*~tactically~*~*~ (stealth).
 24171 | Orc:1    | 24171 ||| Stepping ~*~*~tactically~*~*~ (stealth).
 24172 | Orc:1    | 24172 ||| Stepping ~*~*~tactically~*~*~ (stealth).
 24287 | Orc:1    | 24287 ||| Stepping ~*~*~tactically~*~*~ (stealth).
 24289 | Orc:1    | 24289 ||| Stepping ~*~*~tactically~*~*~ (stealth).
 24291 | Orc:1    | 24291 ||| Stepping ~*~*~tactically~*~*~ (hiding).
 24400 | Orc:2    | 24400 ||| Stepping ~*~*~tactically~*~*~ (hiding).
 24607 | Orc:2    | 24607 ||| Stepping ~*~*~tactically~*~*~ (hiding).
 24608 | Orc:2    | 24608 ||| Stepping ~*~*~tactically~*~*~ (hiding).
 24609 | Orc:2    | 24609 ||| Stepping ~*~*~tactically~*~*~ (hiding).
 24618 | Orc:2    | 24618 ||| FLEEEEING.
 24619 | Orc:2    | 24619 ||| FLEEEEING.
 24620 | Orc:2    | 24620 ||| FLEEEEING.
 24621 | Orc:2    | 24621 ||| FLEEEEING.
 24622 | Orc:2    | 24622 ||| FLEEEEING.
 24623 | Orc:2    | 24623 ||| FLEEEEING.
 24624 | Orc:2    | 24624 ||| FLEEEEING.
 24625 | Orc:2    | 24625 ||| FLEEEEING.
 24626 | Orc:2    | 24626 ||| FLEEEEING.
 24675 | Orc:2    | 24675 ||| INVOKING Heroism.
 24845 | Orc:2    | 24845 ||| Stepping ~*~*~tactically~*~*~ (stealth).
 24847 | Orc:2    | 24847 ||| Stepping ~*~*~tactically~*~*~ (hiding).
 24860 | Orc:2    | 24860 ||| Stepping ~*~*~tactically~*~*~ (hiding).
 24865 | Orc:2    | 24865 ||| INVOKING Heroism.
 24868 | Orc:2    | 24868 ||| Stepping ~*~*~tactically~*~*~ (hiding).
 24889 | Orc:2    | Received a gift from Okawaru
 24892 | Orc:2    | Reached skill level 16 in Shields
 25011 | Orc:2    | Found Gohuos's Weapon Shop.
 25011 | Orc:2    | Found Qaahouch's Jewellery Shoppe.
 25013 | Orc:2    | Found Jauq's Jewellery Shop.
 25013 | Orc:2    | Found Wasch's Magic Scroll Shoppe.
 25021 | Orc:2    | 25021 ||| BUYING +5 ring of evasion (540 gold).
 25021 | Orc:2    | Bought a +5 ring of evasion for 540 gold pieces
 25021 | Orc:2    | 25021 ||| BUYING ring of resist corrosion (300 gold).
 25021 | Orc:2    | Bought a ring of resist corrosion for 300 gold pieces
 25021 | Orc:2    | 25021 ||| BUYING ring of the Hero {Ice Int+3} (574 gold).
 25021 | Orc:2    | Bought the ring of the Hero {Ice Int+3} for 574 gold pieces
 25022 | Orc:2    | 25022 ||| BUYING scroll of enchant armour (75 gold).
 25022 | Orc:2    | Bought a scroll of enchant armour for 75 gold pieces
 25022 | Orc:2    | 25022 ||| BUYING scroll of identify (20 gold).
 25022 | Orc:2    | Bought a scroll of identify for 20 gold pieces
 25022 | Orc:2    | 25022 ||| BUYING scroll of teleportation (30 gold).
 25022 | Orc:2    | Bought a scroll of teleportation for 30 gold pieces
 25022 | Orc:2    | 25022 ||| READING scroll of enchant armour.
 25022 | Orc:2    | 25022 ||| ENCHANTING +0 pair of gloves.
 25025 | Orc:2    | 25025 ||| BUYING +5 ring of evasion (504 gold).
 25025 | Orc:2    | Bought a +5 ring of evasion for 504 gold pieces
 25025 | Orc:2    | 25025 ||| BUYING ring of protection from cold (350 gold).
 25025 | Orc:2    | Bought a ring of protection from cold for 350 gold pieces
 25025 | Orc:2    | 25025 ||| SHOPLISTING ring of protection from fire (350
                  | gold, have 262).
 25236 | Orc:2    | 25236 ||| PLANNING SWAMP:1-3
 25236 | Orc:2    | 25236 ||| UPGRADING to +5 ring of evasion.
 25238 | Orc:2    | 25238 ||| UPGRADING to +5 ring of evasion.
 25240 | Orc:2    | 25240 ||| DROPPING +4 ring of protection.
 25241 | Orc:2    | 25241 ||| DROPPING +6 ring of strength.
 25472 | Swamp:1  | Entered Level 1 of the Swamp
 25474 | Swamp:1  | 25474 ||| INVOKING Heroism.
 25481 | Swamp:1  | Received a gift from Okawaru
 25496 | Swamp:1  | 25496 ||| FLEEEEING.
 25497 | Swamp:1  | 25497 ||| STAIRDANCE
 25654 | Swamp:1  | 25654 ||| INVOKING Heroism.
 25718 | Swamp:1  | Found a frozen archway.
 25723 | Swamp:1  | 25723 ||| READING scroll of enchant armour.
 25723 | Swamp:1  | 25723 ||| ENCHANTING +1 pair of gloves.
 25910 | Swamp:1  | Found a transporter.
 25919 | Swamp:1  | 25919 ||| INVOKING Heroism.
 25920 | Swamp:1  | Noticed Aizul
 25927 | Swamp:1  | 25927 ||| INVOKING Finesse.
 25941 | Swamp:1  | Killed Aizul
 25941 | Swamp:1  | Received a gift from Okawaru
 25946 | Swamp:1  | HP: 22/101 [goliath frog[a spriggan druid] (14)]
 25947 | Swamp:1  | 25947 ||| READING 7 scrolls of teleportation.
 25948 | Swamp:1  | 25948 ||| DRINKING 4 potions of heal wounds.
 25951 | Swamp:1  | Reached skill level 6 in Throwing
 25954 | Swamp:1  | Received a gift from Okawaru
 26249 | Swamp:1  | 26249 ||| READING scroll of acquirement.
 26249 | Swamp:1  | 26249 ||| ACQUIRING +0 tower shield of Voph {-Cast Str+7
                  | Slay+3}
 26249 | Swamp:1  | Acquired the +0 tower shield of Voph {-Cast Str+7 Slay+3}
 26319 | Swamp:1  | Found a transporter.
 26481 | Swamp:1  | 26481 ||| UPGRADING to +0 tower shield of Voph {-Cast Str+7
                  | Slay+3}.
 26491 | Swamp:1  | 26491 ||| DROPPING +0 tower shield.
 26538 | Swamp:2  | 26538 ||| INVOKING Heroism.
 26539 | Swamp:2  | 26539 ||| INVOKING Finesse.
 26542 | Swamp:2  | Reached skill level 17 in Shields
 26720 | Swamp:2  | 26720 ||| READING scroll of acquirement.
 26720 | Swamp:2  | 26720 ||| ACQUIRING +3 pair of seven-league boots
                  | {Rampage+∞}
 26720 | Swamp:2  | Acquired the +3 pair of seven-league boots {Rampage+∞}
 26720 | Swamp:2  | Found the +3 pair of seven-league boots {Rampage+∞}
 26722 | Swamp:2  | 26722 ||| UPGRADING to +3 pair of seven-league boots
                  | {Rampage+∞}.
 26732 | Swamp:2  | 26732 ||| DROPPING +2 pair of boots "Peuph" {+Blink rPois}.
 26747 | Swamp:2  | 26747 ||| INVOKING Heroism.
 26760 | Swamp:2  | 26760 ||| READING scroll of enchant weapon.
 26760 | Swamp:2  | 26760 ||| ENCHANTING +1 spectral war axe.
 26761 | Swamp:2  | 26761 ||| Stepping ~*~*~tactically~*~*~ (stealth).
 26762 | Swamp:2  | 26762 ||| Stepping ~*~*~tactically~*~*~ (stealth).
 26765 | Swamp:2  | 26765 ||| Stepping ~*~*~tactically~*~*~ (stealth).
 26767 | Swamp:2  | 26767 ||| Stepping ~*~*~tactically~*~*~ (stealth).
 26798 | Swamp:2  | Noticed a tentacled monstrosity
 26799 | Swamp:2  | 26799 ||| INVOKING Heroism.
 26807 | Swamp:2  | Killed a tentacled monstrosity
 26889 | Swamp:2  | 26889 ||| Stepping ~*~*~tactically~*~*~ (stealth).
 27055 | Swamp:2  | 27055 ||| INVOKING Heroism.
 27211 | Swamp:2  | 27211 ||| INVOKING Heroism.
 27249 | Swamp:2  | 27249 ||| INVOKING Finesse.
 27255 | Swamp:2  | 27255 ||| SWAPPING to +2 morningstar of protection.
 27260 | Swamp:2  | 27260 ||| SWAPPING to +2 spectral war axe.
 27593 | Swamp:3  | 27593 ||| Stepping ~*~*~tactically~*~*~ (hiding).
 27594 | Swamp:3  | 27594 ||| INVOKING Heroism.
 27633 | Swamp:3  | 27633 ||| INVOKING Finesse.
 27637 | Swamp:3  | Reached XP level 17. HP: 108/108 MP: 18/24
 27639 | Swamp:3  | 27639 ||| SWAPPING to +2 morningstar of protection.
 27643 | Swamp:3  | 27643 ||| SWAPPING to +2 spectral war axe.
 27647 | Swamp:3  | Reached skill level 12 in Armour
 27655 | Swamp:3  | 27655 ||| Stepping ~*~*~tactically~*~*~ (stealth).
 27656 | Swamp:3  | 27656 ||| Stepping ~*~*~tactically~*~*~ (stealth).
 27667 | Swamp:3  | 27667 ||| Stepping ~*~*~tactically~*~*~ (stealth).
 27668 | Swamp:3  | 27668 ||| Stepping ~*~*~tactically~*~*~ (stealth).
 27675 | Swamp:3  | 27675 ||| Stepping ~*~*~tactically~*~*~ (hiding).
 27678 | Swamp:3  | 27678 ||| Stepping ~*~*~tactically~*~*~ (hiding).
 27699 | Swamp:3  | 27699 ||| Stepping ~*~*~tactically~*~*~ (stealth).
 27807 | Swamp:3  | 27807 ||| READING scroll of enchant armour.
 27807 | Swamp:3  | 27807 ||| ENCHANTING +3 plate armour.
 27814 | Swamp:3  | 27814 ||| SWAPPING to +2 morningstar of protection.
 27821 | Swamp:3  | 27821 ||| SWAPPING to +2 spectral war axe.
 27823 | Swamp:3  | Received a gift from Okawaru
 27830 | Swamp:3  | 27830 ||| INVOKING Heroism.
 27833 | Swamp:3  | 27833 ||| Stepping ~*~*~tactically~*~*~ (cloud).
 27842 | Swamp:3  | 27842 ||| Stepping ~*~*~tactically~*~*~ (stealth).
 27976 | Swamp:3  | Found an ancient bone altar of Kikubaaqudgha.
 27977 | Swamp:3  | 27977 ||| INVOKING Heroism.
 27984 | Swamp:3  | 27984 ||| PLANNING SWAMP:1-3
 27986 | Swamp:3  | HP: 26/108 [bunyip zombie (6)]
 27987 | Swamp:3  | 27987 ||| READING 7 scrolls of teleportation.
 27988 | Swamp:3  | 27988 ||| DRINKING 3 potions of heal wounds.
 28013 | Swamp:3  | 28013 ||| Stepping ~*~*~tactically~*~*~ (stealth).
 28218 | Swamp:3  | 28218 ||| Stepping ~*~*~tactically~*~*~ (stealth).
 28219 | Swamp:3  | 28219 ||| INVOKING Heroism.
 28303 | Swamp:3  | 28303 ||| Stepping ~*~*~tactically~*~*~ (hiding).
 28306 | Swamp:3  | 28306 ||| Stepping ~*~*~tactically~*~*~ (hiding).
 28421 | Swamp:3  | Found a runed translucent door.
 28435 | Swamp:3  | Noticed qw's ghost (adept GrFi)
 28544 | Swamp:3  | 28544 ||| PLANNING SNAKE:1-3
 28544 | Swamp:3  | 28544 ||| DROPPING +1 chain mail of cold resistance.
 28545 | Swamp:3  | 28545 ||| DROPPING +0 pair of boots of rampaging.
 28546 | Swamp:3  | 28546 ||| DROPPING +6 ring of intelligence.
 28547 | Swamp:3  | 28547 ||| DROPPING ring of magical power.
 28602 | Swamp:1  | Noticed Zoigrime's ghost (adept FoFi)
 28620 | Swamp:1  | 28620 ||| Stepping ~*~*~tactically~*~*~ (stealth).
 28621 | Swamp:1  | 28621 ||| Stepping ~*~*~tactically~*~*~ (stealth).
 28622 | Swamp:1  | 28622 ||| INVOKING Heroism.
 28670 | Snake:1  | Entered Level 1 of the Snake Pit
 28717 | Snake:1  | Found a glowing golden altar of the Shining One.
 28721 | Snake:1  | 28721 ||| DROPPING ring of the Hero {Ice Int+3}.
 28767 | Snake:1  | 28767 ||| Stepping ~*~*~tactically~*~*~ (stealth).
 28840 | Snake:1  | 28840 ||| INVOKING Heroism.
 28890 | Snake:1  | 28890 ||| Stepping ~*~*~tactically~*~*~ (hiding).
 28968 | Snake:1  | Identified Roxanne's Exposition on Scree
 28968 | Snake:1  | Noticed Roxanne
 28969 | Snake:1  | 28969 ||| INVOKING Heroism.
 28984 | Snake:1  | Killed Roxanne
 29046 | Snake:1  | 29046 ||| Stepping ~*~*~tactically~*~*~ (hiding).
 29047 | Snake:1  | 29047 ||| Stepping ~*~*~tactically~*~*~ (hiding).
 29049 | Snake:1  | 29049 ||| Stepping ~*~*~tactically~*~*~ (hiding).
 29184 | Snake:1  | Found Uxacw's Weapon Boutique.
 29184 | Snake:1  | Found Rojou's Assorted Antiques.
 29196 | Snake:1  | 29196 ||| BUYING pair of glowing boots (255 gold).
 29196 | Snake:1  | Bought a pair of glowing boots for 255 gold pieces
 29196 | Snake:1  | 29196 ||| BUYING potion of lignification (102 gold).
 29196 | Snake:1  | Bought a potion of lignification for 102 gold pieces
 29197 | Snake:1  | Found Notrole's Distillery.
 29206 | Snake:1  | 29206 ||| BUYING potion of attraction (33 gold).
 29206 | Snake:1  | Bought a potion of attraction for 33 gold pieces
 29206 | Snake:1  | 29206 ||| BUYING potion of heal wounds (55 gold).
 29206 | Snake:1  | Bought a potion of heal wounds for 55 gold pieces
 29206 | Snake:1  | 29206 ||| BUYING potion of heal wounds (55 gold).
 29206 | Snake:1  | Bought a potion of heal wounds for 55 gold pieces
 29206 | Snake:1  | 29206 ||| BUYING potion of magic (88 gold).
 29206 | Snake:1  | Bought a potion of magic for 88 gold pieces
 29229 | Snake:1  | Identified the +0 plate armour "Wukkosol" {*Corrode Dex+4
                  | Stlth+}
 29288 | Snake:1  | Noticed Agnes
 29289 | Snake:1  | 29289 ||| INVOKING Heroism.
 29298 | Snake:1  | Killed Agnes
 29417 | Snake:1  | 29417 ||| Stepping ~*~*~tactically~*~*~ (stealth).
 29419 | Snake:1  | 29419 ||| Stepping ~*~*~tactically~*~*~ (hiding).
 29422 | Snake:1  | 29422 ||| Stepping ~*~*~tactically~*~*~ (hiding).
 29426 | Snake:1  | 29426 ||| Stepping ~*~*~tactically~*~*~ (hiding).
 29649 | Snake:1  | 29649 ||| Stepping ~*~*~tactically~*~*~ (hiding).
 29652 | Snake:1  | 29652 ||| Stepping ~*~*~tactically~*~*~ (hiding).
 29653 | Snake:1  | 29653 ||| Stepping ~*~*~tactically~*~*~ (hiding).
 29655 | Snake:1  | 29655 ||| Stepping ~*~*~tactically~*~*~ (hiding).
 29656 | Snake:1  | 29656 ||| Stepping ~*~*~tactically~*~*~ (hiding).
 29913 | Snake:1  | 29913 ||| DROPPING +0 pair of boots of stealth.
 29914 | Snake:1  | 29914 ||| DROPPING +0 plate armour "Wukkosol" {*Corrode
                  | Dex+4 Stlth+}.
 29944 | Snake:2  | Found a transporter.
 29945 | Snake:2  | 29945 ||| Stepping ~*~*~tactically~*~*~ (hiding).
 29946 | Snake:2  | Found a transporter.
 30080 | Snake:2  | 30080 ||| Stepping ~*~*~tactically~*~*~ (hiding).
 30110 | Snake:2  | Found a runed translucent door.
 30113 | Snake:2  | Noticed qw's ghost (adept GrFi)
 30124 | Snake:2  | 30124 ||| Stepping ~*~*~tactically~*~*~ (hiding).
 30134 | Snake:2  | Reached skill level 18 in Shields
 30176 | Snake:2  | 30176 ||| Stepping ~*~*~tactically~*~*~ (hiding).
 30179 | Snake:2  | Received a gift from Okawaru
 30206 | Snake:2  | 30206 ||| Stepping ~*~*~tactically~*~*~ (stealth).
 30212 | Snake:2  | 30212 ||| Stepping ~*~*~tactically~*~*~ (hiding).
 30292 | Snake:2  | Found Jodilunu's Antique Armour Boutique.
 30302 | Snake:2  | 30302 ||| SHOPLISTING shiny helmet (345 gold, have 72).
 30317 | Snake:2  | 30317 ||| Stepping ~*~*~tactically~*~*~ (hiding).
 30329 | Snake:2  | 30329 ||| Stepping ~*~*~tactically~*~*~ (hiding).
 30447 | Snake:2  | Found a glowing silver altar of Zin.
 30467 | Snake:2  | Received a gift from Okawaru
 30739 | Snake:2  | Found a transporter.
 30844 | Snake:2  | 30844 ||| Stepping ~*~*~tactically~*~*~ (hiding).
 30956 | Snake:2  | 30956 ||| Stepping ~*~*~tactically~*~*~ (hiding).
 31324 | Snake:2  | 31324 ||| Stepping ~*~*~tactically~*~*~ (hiding).
 31551 | Snake:2  | Found a transporter.
 31561 | Snake:2  | Found a transporter.
 31593 | Snake:2  | Found a transporter.
 31820 | Snake:2  | 31820 ||| DROPPING +2 hat.
 31836 | Snake:3  | 31836 ||| PLANNING BAZAAR
 32078 | Snake:3  | 32078 ||| INVOKING Heroism.
 32212 | Snake:3  | 32212 ||| READING scroll of enchant armour.
 32212 | Snake:3  | 32212 ||| ENCHANTING +4 plate armour.
 32310 | Snake:3  | Identified the +0 ring mail of Imperfection {Int+6}
                  | (Okawaru gifted it to you on level 3 of the Snake Pit)
 32310 | Snake:3  | Received a gift from Okawaru
 32495 | Snake:3  | 32495 ||| INVOKING Heroism.
 32508 | Snake:3  | 32508 ||| Stepping ~*~*~tactically~*~*~ (hiding).
 32562 | Snake:3  | Found a flickering gateway to a bazaar.
 32563 | Snake:3  | Found a runed translucent door.
 32576 | Bazaar   | Entered a bazaar
 32576 | Bazaar   | Found Itweuten's Antique Weapon Shop.
 32583 | Bazaar   | 32583 ||| BUYING glowing war axe (97 gold).
 32583 | Bazaar   | Bought a glowing war axe for 97 gold pieces
 32583 | Bazaar   | 32583 ||| SWAPPING to +2 vampiric war axe.
 32602 | Bazaar   | Found Ogruavewk's General Store.
 32610 | Bazaar   | 32610 ||| BUYING potion of curing (51 gold).
 32610 | Bazaar   | Bought a potion of curing for 51 gold pieces
 32610 | Bazaar   | 32610 ||| BUYING scroll of teleportation (51 gold).
 32610 | Bazaar   | Bought a scroll of teleportation for 51 gold pieces
 32622 | Bazaar   | Found Kestrujo's Antique Armour Shop.
 32646 | Snake:3  | 32646 ||| PLANNING SNAKE:1-3
 32767 | Snake:3  | Reached XP level 18. HP: 117/117 MP: 25/25
 32772 | Snake:3  | 32772 ||| DROPPING +2 morningstar of protection.
 33422 | Snake:3  | 33422 ||| PLANNING SWAMP:4
 33606 | Swamp:4  | Entered Level 4 of the Swamp
 33607 | Swamp:4  | 33607 ||| INVOKING Heroism.
 33615 | Swamp:4  | Reached skill level 15 in Fighting
 33620 | Swamp:4  | 33620 ||| Stepping ~*~*~tactically~*~*~ (hiding).
 33621 | Swamp:4  | Noticed a tentacled monstrosity
 33622 | Swamp:4  | 33622 ||| INVOKING Finesse.
 33646 | Swamp:4  | 33646 ||| INVOKING Heroism.
 33649 | Swamp:4  | Killed a tentacled monstrosity
 33718 | Swamp:4  | 33718 ||| Stepping ~*~*~tactically~*~*~ (hiding).
 33722 | Swamp:4  | 33722 ||| Stepping ~*~*~tactically~*~*~ (hiding).
 33724 | Swamp:4  | 33724 ||| INVOKING Heroism.
 33753 | Swamp:4  | 33753 ||| Stepping ~*~*~tactically~*~*~ (stealth).
 33851 | Swamp:4  | 33851 ||| INVOKING Heroism.
 33925 | Swamp:4  | 33925 ||| Stepping ~*~*~tactically~*~*~ (hiding).
 33978 | Swamp:4  | 33978 ||| Stepping ~*~*~tactically~*~*~ (cloud).
 34073 | Swamp:4  | 34073 ||| Stepping ~*~*~tactically~*~*~ (hiding).
 34205 | Swamp:4  | 34205 ||| Stepping ~*~*~tactically~*~*~ (hiding).
 34206 | Swamp:4  | 34206 ||| INVOKING Heroism.
 34237 | Swamp:4  | Noticed the 27-headed Lernaean hydra
 34248 | Swamp:4  | 34248 ||| INVOKING Heroism.
 34259 | Swamp:4  | HP: 29/119 [the 27-headed Lernaean hydra (11)]
 34260 | Swamp:4  | 34260 ||| READING 10 scrolls of teleportation.
 34260 | Swamp:4  | HP: 10/119 [the 27-headed Lernaean hydra (7)]
 34260 | Swamp:4  | Slain by a 17-headed hydra

Levels and vault maps discovered:
D:1:      wander_arrival_chamber, layout_loops_ring
D:2:      layout_loops_ring, hellmonk_ecumenical_altar_heavens_door,
          minmay_3d_cube
D:3:      layout_basic, jmf_multi_god_temple2, serial_shops,
          nicolae_shop_pleasant_corner_grove, shop, shop, shop,
          minmay_fractal_squares_5
D:4:      layout_loops_ring, fedhas_altar_decomposition,
          chequers_temple_overflow_statue_of_worship, enter_ossuary_2
D:5:      layout_loops_corners, kennysheep_orc_sif_temple,
          minmay_temple_entry_large_hall, uniq_sigmund, uniq_pikel,
          uniq_crazy_yiuf_cottage
D:6:      layout_basic
D:7:      minmay_the_grid_triangle_9x9_recursive_2
          [minmay_the_grid_triangle_9x9_prize_top_heavy,
          minmay_the_grid_triangle_9x9_impossible_snake,
          minmay_the_grid_triangle_9x9_steps,
          minmay_the_grid_triangle_9x9_warning], layout_cave_pools,
          serial_shops, shop, grunt_decor_fettered,
          hangedman_abyss_or_decor_lesser_grid, lightli_church_of_beogh,
          uniq_prince_ribbit1
D:8:      layout_layer_cave, minmay_lair_entry_lava
D:9:      layout_layer_cave, uniq_erica
D:10:     layout_basic, nicolae_diode_intersection
D:11:     nicolae_cairo_tiling_large, layout_long_grid, serial_undead,
          serial_undead_d, serial_undead_e, serial_undead_d, serial_undead_c,
          serial_undead_a, serial_undead_c, serial_undead_f,
          ebering_ghost_gozag, hangedman_decor_growths
D:12:     layout_big_octagon, david_orc_1_choice
D:13:     layout_irregular_city, lightli_vaults_fourway_checkpoint,
          serial_shops, nicolae_shop_bloodbath_and_beyond,
          nicolae_shop_hallway_stairs, nicolae_shop_peninsula
D:14:     layout_cave_pods, minmay_misc_feat_pillars, serial_shops, shop,
          nicolae_shop_hallway_plus, sword_in_stone
D:15:     grunt_enter_depths_hoard, layout_long_grid, grunt_gozag_breadcrumbs,
          gammafunk_ghost_smash
Temple:   nicolae_temple_slightly_damp_pantheon
Lair:1:   layout_chaotic_city, serial_bayou_lagoon_a
Lair:2:   layout_loops_ring, minmay_swamp_entry_swarm, dummy_snake_entry,
          grunt_megastairs_2
Lair:3:   layout_layer_cave, grunt_forest_large_clearings, lemuel_fruit_fields,
          infiniplex_staircase_pool, uniq_kirke
Lair:4:   layout_gridlike, nicolae_slime_entry_field_trip
Lair:5:   minmay_lair_end_frog_pond, layout_long_grid,
          ebering_ghost_funeral_grove, nicolae_lair_liquid_snakes,
          serial_bayou_shore_b
Swamp:1:  layout_basic_swamp, gammafunk_ghost_mausoleum,
          portal_ice_cave_entry_ugly_swarm, evilmike_swamp_ruin_rubble_2,
          uniq_aizul
Swamp:2:  nicolae_swamp_tree_isthmus, layout_basic_swamp,
          evilmike_swamp_ruin_house_2, swamp_pool4
Swamp:3:  layout_falls_marsh, ebering_ghost_reflecting_pool,
          evilmike_swamp_ruin_house_4, swamp_pool2, beargit_kiku_chapel
Swamp:4:  swamp_old_school, layout_basic_swamp, swamp_pool3,
          nicolae_swamp_fairy_circle, nicolae_swamp_bloodsuckers_inc
Snake:1:  layout_chambers, basic_altar, nicolae_snake_serpentine_bazaar,
          uniq_agnes, uniq_roxanne
Snake:2:  layout_layer_cave, hellmonk_ghost_happy_afterlife, basic_altar,
          serial_shops, shop, serial_nicolae_subway, nicolae_sub_station_metal,
          nicolae_sub_station_stone, nicolae_sub_station_crystal
Snake:3:  layout_layer_cave, serial_shops, bzr_entry_lakeside, lightli_airlock
Orc:1:    layout_diamond_mine, nicolae_volcano_entry_two_sided
Orc:2:    grunt_orc_tribal_feast, layout_caves, david_defended_altar_orc

Skill      XL: |  1  2  3  4  5  6  7  8  9 10 11 12 13 14 15 16 17 18 |
---------------+-------------------------------------------------------+-----
Axes           | 2 3 4 5 6 8 9 10 11 13 14 15 16 | 16.0
Fighting       | 4 6 7 8 9 10 11 12 13 14 15 | 15.0
Dodging        | 1 2 3 4 5 |  5.1
Invocations    | 4 6 9 10 | 10.0
Throwing       | 1 2 3 4 5 6 8 |  8.0
Shields        | 4 5 6 7 9 14 17 18 | 18.4
Armour         | 5 7 9 10 11 13 14 | 14.0

Action                     |  1- 3 |  4- 6 |  7- 9 | 10-12 | 13-15 | 16-18 || total
---------------------------+-------+-------+-------+-------+-------+-------++-------
  Melee: War axe           |    93 |   161 |   160 |   457 |   944 |   769 ||  2584
         Unarmed           |       |       |       |     1 |       |       ||     1
         Flail             |       |       |       |       |     7 |       ||     7
         Morningstar       |       |       |       |       |       |    13 ||    13
  Throw: Javelin           |       |     2 |    21 |    18 |    54 |   102 ||   197
         Boomerang         |       |       |     7 |     8 |   257 |    56 ||   328
 Invoke: Heroism           |       |       |     8 |    24 |    29 |    28 ||    89
         Finesse           |       |       |       |     1 |     4 |     5 ||    10
    Use: Scroll            |     5 |    16 |     3 |     7 |    10 |    10 ||    51
         Potion            |       |     3 |     2 |     4 |     1 |     3 ||    13
   Stab: Distracted        |       |       |       |       |    12 |    19 ||    31
 Armour: Scale mail        |    50 |    41 |       |       |       |       ||    91
         Chain mail        |       |    20 |    74 |   133 |       |       ||   227
         Plate armour      |       |       |       |   177 |   571 |   591 ||  1339
  Dodge: Dodged            |    32 |    64 |    51 |   202 |   304 |   810 ||  1463
  Block: Buckler           |    10 |    28 |    30 |   143 |   128 |       ||   339
         Kite shield       |       |       |       |       |   187 |       ||   187
         Tower shield      |       |       |       |       |    39 |   708 ||   747

Table legend:
 A = Non-vault XP
 B = Vault XP
 C = Vault XP percentage of total XP
 D = Non-vault monster count
 E = Vault monster count
 F = Vault count percentage of total count
                 A         B        C        D         E       F
            +---------+---------+-------+---------+---------+-------
      Total |  187268 |   80525 |  30.1 |     690 |     270 |  28.1
            +---------+---------+-------+---------+---------+-------
        D:1 |      59 |       0 |   0.0 |      28 |       0 |   0.0
        D:2 |      23 |       7 |  23.3 |       7 |       2 |  22.2
        D:3 |      46 |      27 |  37.0 |      17 |       8 |  32.0
        D:4 |     277 |       0 |   0.0 |      17 |       0 |   0.0
        D:5 |     995 |     948 |  48.8 |      19 |       3 |  13.6
        D:6 |     882 |       0 |   0.0 |      21 |       0 |   0.0
        D:7 |     292 |    3437 |  92.2 |       8 |      16 |  66.7
        D:8 |    3005 |     762 |  20.2 |      37 |       1 |   2.6
        D:9 |    4476 |     844 |  15.9 |      49 |       1 |   2.0
       D:10 |    1893 |       0 |   0.0 |      24 |       0 |   0.0
       D:11 |    3556 |    6691 |  65.3 |      28 |      21 |  42.9
       D:12 |    7850 |     635 |   7.5 |      28 |       9 |  24.3
       D:13 |    4052 |    7062 |  63.5 |       9 |      11 |  55.0
       D:14 |    7761 |    3498 |  31.1 |      21 |       4 |  16.0
       D:15 |   14663 |    1790 |  10.9 |      25 |       2 |   7.4
     Lair:1 |    4402 |    1494 |  25.3 |      12 |       6 |  33.3
     Lair:2 |    5474 |    2819 |  34.0 |      25 |       8 |  24.2
     Lair:3 |    8427 |    7494 |  47.1 |      30 |      49 |  62.0
     Lair:4 |    6075 |     124 |   2.0 |      21 |       3 |  12.5
     Lair:5 |   13299 |   11114 |  45.5 |      35 |      46 |  56.8
    Swamp:1 |    9947 |    6099 |  38.0 |      22 |       9 |  29.0
    Swamp:2 |   11593 |       0 |   0.0 |      21 |       0 |   0.0
    Swamp:3 |   11783 |    9294 |  44.1 |      21 |      12 |  36.4
    Swamp:4 |   15884 |    5921 |  27.2 |      23 |       8 |  25.8
    Snake:1 |   12138 |    2751 |  18.5 |      28 |       2 |   6.7
    Snake:2 |   14526 |       0 |   0.0 |      31 |       0 |   0.0
    Snake:3 |   17092 |       0 |   0.0 |      34 |       0 |   0.0
      Orc:1 |    5361 |       0 |   0.0 |      36 |       0 |   0.0
      Orc:2 |    1437 |    7563 |  84.0 |      13 |      33 |  71.7
    Ossuary |       0 |     151 | 100.0 |       0 |      16 | 100.0
            +---------+---------+-------+---------+---------+-------
